 Dungeon Crawl Stone Soup version 0.21.1-1-g345015f (webtiles) character file.

1742 wojtek the Grappler (level 8, -2/67 HPs)
             Began as a Troll Earth Elementalist on June 13, 2018.
             Was an Initiate of Sif Muna.
             Slain by an orc warrior
             ... wielding a +0 trident
              (11 damage)
             ... on level 6 of the Dungeon.
             The game lasted 00:13:25 (4366 turns).

wojtek the Grappler (Troll Earth Elementalist)      Turns: 4366, Time: 00:13:25

Health: -2/67      AC:  5    Str: 17    XL:     8   Next: 77%
Magic:  10/10      EV: 10    Int: 13    God:    Sif Muna [......]
Gold:   452        SH:  0    Dex: 10    Spells: 8/9 levels left

rFire    . . .     SeeInvis .     - Unarmed
rCold    . . .     Gourm    +   (no shield)
rNeg     . . .     Faith    .   c - +0 robe
rPois    .         Spirit   .   (helmet restricted)
rElec    .         Reflect  .   (no cloak)
rCorr    .         Harm     .   (gloves unavailable)
MR       .....                  (boots unavailable)
Stlth    +.........             (no amulet)
HPRegen  0.61/turn              (no ring)
MPRegen  0.12/turn              (no ring)

@: no status effects
A: large, unfitting armour, claws 3, fast metabolism 3, gourmand, regeneration
1, shaggy fur 1, tough skin 2
a: Renounce Religion


You were on level 6 of the Dungeon.
You worshipped Sif Muna.
Sif Muna was noncommittal.
You were full.

You visited 2 branches of the dungeon, and saw 7 of its levels.

You collected 452 gold pieces.

Inventory:

Missiles
 b - 246 stones (quivered)
Armour
 c - a +0 robe (worn)
Jewellery
 l - an uncursed amulet of regeneration {unknown}
 q - a +2 ring of dexterity {unknown}
 s - a +2 ring of intelligence {unknown}
 v - an uncursed amulet of rage {unknown}
 A - an uncursed ring of magical power {unknown}
 D - an uncursed ring of stealth {unknown}
Scrolls
 a - 8 scrolls of identify {unknown}
 g - 2 scrolls of blinking {unknown}
 h - 2 scrolls of enchant armour {unknown}
 i - a scroll of immolation {unknown}
 n - 2 scrolls of magic mapping {unknown}
 r - 4 scrolls of remove curse {unknown}
 w - a scroll of amnesia {unknown}
 x - a scroll of noise {unknown}
 y - a scroll of summoning {unknown}
Potions
 f - a potion of degeneration {unknown}
 j - 3 potions of brilliance {unknown}
 k - a potion of flight {unknown}
 m - 3 potions of magic {unknown}
 o - a potion of heal wounds {unknown}
 p - a potion of curing
 t - 3 potions of agility
 u - a potion of haste {unknown}
 z - a potion of invisibility {unknown}
 B - a potion of mutation {unknown}
 C - a potion of cancellation {unknown}
Books
 e - a book of Geomancy

   Spells                             Type                      Level
   a - Sandblast                      Earth                        1
   b - Passwall                       Transmutation/Earth          2
   c - Stone Arrow                    Conjuration/Earth            3
   d - Petrify                        Transmutation/Earth          4
   e - Lee's Rapid Deconstruction     Earth                        5
Comestibles
 d - 10 rations


   Skills:
 - Level 1.5 Dodging
 - Level 1.0 Stealth
 + Level 9.8 Unarmed Combat
 - Level 1.2 Spellcasting
   Level 0.6 Transmutations
 + Level 3.2 Earth Magic
 - Level 4.3 Invocations


You had 8 spell levels left.
You knew the following spells:

 Your Spells              Type           Power        Failure   Level  Hunger
a - Sandblast             Erth           #.....       7%          1    ##.....


Dungeon Overview and Level Annotations

Branches:
Dungeon (6/15)             Temple (1/1) D:4

Altars:
Ashenzari
Cheibriados
Dithmenos
Elyvilon
Fedhas
Gozag
Hepliaklqana
Kikubaaqudgha
Makhleb
Nemelex Xobeh
Okawaru
Qazlal
Ru
Sif Muna
Trog
Uskayaw
Wu Jian
Xom
Yredelemnul
Zin
The Shining One

Shops:
D:6 =


Innate Abilities, Weirdness & Mutations

You are too large for most types of armour.
You have claws for hands.
Your metabolism is lightning-fast.
You like to eat raw meat.
Your natural rate of healing is unusually fast.
You are covered in fur. (AC +1)
You have very tough skin. (AC +2)


Message History

You scratch the orc warrior.
The orc warrior is lightly wounded.
The orc warrior hits you with a trident!
You scratch the orc warrior.
The orc warrior is moderately wounded.
The orc warrior barely misses you.
You barely miss the orc warrior.
The orc warrior is moderately wounded.
The orc warrior hits you with a trident!!
* * * LOW HITPOINT WARNING * * *
You closely miss the orc warrior.
The orc warrior is lightly wounded.
You scratch the orc warrior but do no damage.
The orc warrior is lightly wounded.
The orc warrior hits you with a trident!
* * * LOW HITPOINT WARNING * * *
You scratch the orc warrior but do no damage.
The orc warrior is lightly wounded.
The orc warrior hits you with a trident!
You die...

.#'####.# ###........
.#.####.#######.######.....#####
.#.#..........#......'.........
.#.#..........########....)####
.#.#..........# #.....#
.#.#......∩...# #.....####+#
.#............# ##..........
#######################..........
..............[.@ooo.............
###################.......[......
#.............. #..............
#####...(...... #..........
#.......... #.[........
###########


You could see an orc warrior and 2 orcs.

Vanquished Creatures
  Prince Ribbit (D:5)
  Eustachio (D:4)
  An ice beast (D:6)
  Purgy (D:4)
  3 ogres
  2 bullfrogs
  A scorpion (D:5)
  A howler monkey (D:6)
  A quasit (D:6)
  3 hounds
  2 orc priests (D:3)
  Crazy Yiuf (D:5)
  2 jellies
  2 orc wizards
  An iguana (D:5)
  7 worker ants
  Natasha (D:2)
  Ijyb (D:4)
  The ghost of Iko the Grave Robber, a weakling DDNe (D:3)
  A howler monkey skeleton (D:4)
  5 adders
  A shadow imp (D:6)
  4 worms
  3 dart slugs
  2 leopard geckos
  14 orcs
  A ball python (D:2)
  5 giant cockroaches
  11 goblins
  6 hobgoblins
  7 jackals
  5 kobolds
  2 quokkas
  9 bats
  5 frilled lizards
  A quokka skeleton (D:5)
  A quokka zombie (D:5)
  9 rats
125 creatures vanquished.

Notes
Turn   | Place    | Note
-------+----------+-------------------------------------------
     0 | D:1      | wojtek the Troll Earth Elementalist began the quest for the Orb.
     0 | D:1      | Reached XP level 1. HP: 16/16 MP: 1/1
   159 | D:1      | Reached XP level 2. HP: 24/24 MP: 2/2
   279 | D:1      | Reached skill level 1 in Unarmed Combat
   626 | D:2      | Reached skill level 2 in Unarmed Combat
   628 | D:2      | Reached XP level 3. HP: 26/31 MP: 3/3
   728 | D:2      | Reached skill level 3 in Unarmed Combat
   743 | D:2      | Reached XP level 4. HP: 22/39 MP: 4/4
   818 | D:2      | Found a stormy altar of Qazlal.
  1054 | D:2      | Noticed Natasha
  1062 | D:2      | Killed Natasha
  1062 | D:2      | Reached skill level 4 in Unarmed Combat
  1461 | D:3      | Noticed Iko's ghost (weakling DDNe)
  1466 | D:3      | Killed Iko's ghost
  1466 | D:3      | Reached XP level 5. HP: 44/45 MP: 5/5
  1622 | D:3      | Reached skill level 5 in Unarmed Combat
  1779 | D:3      | Reached XP level 6. HP: 35/53 MP: 6/6
  2112 | D:4      | Reached skill level 6 in Unarmed Combat
  2230 | D:4      | Found a bloodstained altar of Trog.
  2248 | D:4      | Noticed Eustachio
  2278 | D:4      | Killed Eustachio
  2278 | D:4      | Reached skill level 7 in Unarmed Combat
  2278 | D:4      | Reached XP level 7. HP: 11/59 MP: 7/7
  2413 | D:4      | Noticed Purgy
  2417 | D:4      | Killed Purgy
  2484 | D:4      | Reached skill level 8 in Unarmed Combat
  2492 | D:4      | Noticed Ijyb
  2508 | D:4      | Killed Ijyb
  2570 | D:4      | Found a staircase to the Ecumenical Temple.
  2591 | Temple   | Entered the Ecumenical Temple
  2705 | Temple   | Became a worshipper of Sif Muna the Loreminder
  2850 | D:5      | Entered Level 5 of the Dungeon
  2868 | D:4      | Reached skill level 1 in Invocations
  3059 | D:5      | Noticed Prince Ribbit
  3103 | D:5      | Killed Prince Ribbit
  3103 | D:5      | Reached XP level 8. HP: 14/67 MP: 8/8
  3106 | D:5      | Reached skill level 9 in Unarmed Combat
  3301 | D:5      | Found a runed door.
  3591 | D:5      | Noticed Crazy Yiuf
  3603 | D:5      | Killed Crazy Yiuf
  3930 | D:6      | HP: 1/67 [worker ant (4)]
  4158 | D:6      | Found Uhosuy's Jewellery Boutique.
  4366 | D:6      | Slain by an orc warrior

Skill      XL: |  1  2  3  4  5  6  7  8 |
---------------+-------------------------+-----
Earth Magic    | 3 |  3.2
Unarmed Combat | 2 3 4 5 7 8 9 |  9.8
Invocations    | 2 4 |  4.3
Dodging        | |  1.5
Stealth        | |  1.0
Spellcasting   | |  1.2
Transmutations | |  0.6

Action                   |  1- 3 |  4- 6 |  7- 9 || total
-------------------------+-------+-------+-------++-------
Melee: Unarmed           |    88 |   189 |   188 ||   465
       Punch             |       |     5 |     4 ||     9
 Cast: Sandblast         |     3 |       |       ||     3
  Use: Potion            |       |       |     1 ||     1
 Stab: Sleeping          |     2 |     2 |     3 ||     7
  Eat: Chunk             |    12 |    15 |    15 ||    42
Armor: Robe              |    43 |    50 |    46 ||   139
       Skin              |       |       |    12 ||    12
Dodge: Dodged            |    57 |   104 |   114 ||   275
